AoeStats
← kingTito7781

Arena

509032466Analyzed
3v3 RM · 8d ago on Sep 25, 2026· 21m 54s· 6 players
Game mode
Random Map
Map size
Normal (6 player)
Population
200
Speed
Normal
Resources
Standard
Victory
Conquest
Starting age
Dark Age
Ending age
Imperial Age
RankedLock teamsTeams togetherTeam positionsShared explorationLock speedFull tech treeHidden civsTurbo modeCheats
Victory
Defeat
🇨🇱 Persians · Chile
825
+15
🇨🇱 Franks · Chile
781
+17
🇨🇱 Malians · Chile
730
+19
🇺🇾 Turks · Uruguay
856
-46
🇷🇺 Spanish · Russia
789
-17
🇧🇷 Varangians · Brazil
779
-16
passoswalli
14:25 Feudal Age
14:16 Loom
19:19 Castle Age
17:00 Horse Collar
vgutierrez
11:20 Feudal Age
12:34 Double-Bit Axe
12:40 Gold Mining
13:36 Wheelbarrow
13:46 Horse Collar
19:05 Castle Age
17:30 Stone Mining
18:33 Forging
ForWorldPeace
13:03 Feudal Age
14:23 Double-Bit Axe
17:33 Wheelbarrow
23:01 Castle Age
elsapokM
11:53 Feudal Age
16:19 Castle Age
17:37 Wheelbarrow
Nergal9964
0:30 Loom
12:07 Feudal Age
18:41 Castle Age
16:44 Double-Bit Axe
18:30 Stone Mining
18:33 Gold Mining
22:24 Gold Shaft Mining
kingTito7781
5:26 Loom
11:26 Feudal Age
12:02 Double-Bit Axe
12:07 Horse Collar
16:33 Wheelbarrow
18:55 Castle Age
17:52 Stone Mining
18:44 Gold Mining
20:13 Bow Saw
Connection lost

Rejoining the realm…

Still unreachable

The connection could not be restored.

Session expired

The server has moved on; the page needs a fresh start.